Map: King Sejong Station LE

Players

Smurficide - Winner!

  • Race: Zerg Zerg
  • League: Master

IIIIIIIIIIII

  • Race: Terran Terran

VOD

Have the link to the VOD?

Description

Time

  • Played on: Aug. 8, 2016, 12:37 a.m.
  • Length: 13:12
Show
View Real Time Build Order
Export as new Build Order

Smurficide Zerg - Winner!

Build Orders: Hatch First 

Get SALT Encoding   

  12  0:00  Drone  
  13  0:12  Overlord  
  13  0:17  Drone  
  14  0:33  Drone x2  
  17  0:35  Drone  
  17  0:55  Hatchery  
  17  0:56  Drone  
  17  1:00  Drone  
  18  1:10  Extractor  
  17  1:15  Spawning Pool  
  17  1:17  Drone  
  17  1:20  Drone  
  18  1:28  Drone  
  19  1:39  Overlord  
  19  2:02  Queen  
  19  2:03  Zergling x2  
  19  2:04  Zergling x2  
  19  2:06  Queen  
  25  2:10  Drone  
  25  2:13  Metabolic Boost  
  26  2:20  Zergling x2  
  27  2:29  Zergling x6  
  30  2:33  Overlord  
  30  2:44  Queen x2  
  34  2:54  Drone x3  
  37  3:07  Drone x3  
  40  3:13  Overlord  
  40  3:24  Zergling x2  
  40  3:25  Zergling x6  
  44  3:40  Zergling x8  
  47  3:43  Queen  
  49  3:49  Zergling x2  
  50  3:57  Zergling x2  
  47  4:11  Zergling x2  
  47  4:12  Zergling x4  
  46  4:19  Drone  
  46  4:20  Drone x4  
  51  4:38  Hatchery, Queen  
  51  4:41  Evolution Chamber  
  51  4:43  Evolution Chamber  
  50  4:48  Drone  
  50  4:49  Drone  
  50  5:05  Drone x3  
  50  5:06  Overlord  
  50  5:07  Overlord x2  
  51  5:08  Zerg Ground Armor Level 1  
  51  5:09  Zerg Melee Weapons Level 1  
  45  5:23  Drone  
  45  5:24  Drone x4  
  50  5:35  Lair  
  50  5:38  Drone  
  50  5:39  Drone x4  
  50  5:41  Baneling Nest  
  54  5:45  Overlord  
  54  5:47  Drone x2  
  56  5:59  Drone  
  56  6:00  Drone x2, Queen  
  61  6:05  Drone  
  61  6:06  Drone x2  
  61  6:10  Drone  
  61  6:11  Drone x5  
  70  6:14  Overlord  
  70  6:20  Zergling x4  
  72  6:33  Extractor  
  72  6:34  Extractor  
  70  6:42  Centrifical Hooks  
  70  6:45  Drone x2  
  70  6:46  Drone x3, Hatchery  
  70  6:47  Drone  
  75  6:50  Zergling x10  
  75  6:51  Zergling x8  
  75  6:52  Hatchery  
  75  6:53  Baneling  
  75  6:54  Baneling x3  
  83  7:02  Zergling x2  
  83  7:03  Zergling x4  
  83  7:05  Spore Crawler  
  83  7:06  Zerg Melee Weapons Level 2  
  85  7:11  Zergling x12  
  85  7:15  Zergling x6  
  91  7:39  Drone x2  
  91  7:41  Zergling x4  
  91  7:42  Zergling x12  
  91  7:44  Overlord x3  
  97  7:55  Zerg Ground Armor Level 2  
  97  7:58  Extractor  
  97  7:59  Drone  
  97  8:00  Drone x2  
  97  8:03  Drone x3, Extractor x2  
  97  8:04  Drone x2  
  97  8:05  Drone  
  103  8:07  Queen  
  105  8:13  Drone  
  105  8:14  Drone x2  
  105  8:16  Queen  
  107  8:38  Zergling x2  
  107  8:39  Zergling x32  
  107  8:40  Zergling x4  
  126  8:41  Infestation Pit  
  125  8:51  Overlord x2  
  125  8:55  Zergling x16  
  127  9:00  Pneumatized Carapace  
  133  9:15  Overlord  
  133  9:16  Overlord x3  
  133  9:17  Zergling x2  
  133  9:18  Zergling x20  
  144  9:35  Baneling x6  
  144  9:36  Overseer  
  144  9:38  Overlord  
  144  9:39  Overlord x3  
  144  9:49  Zergling x2  
  144  9:50  Zergling x30  
  157  10:00  Hive  
  156  10:10  Baneling  
  156  10:11  Baneling x11  
  156  10:13  Zergling x2  
  156  10:14  Zergling x26  
  162  10:18  Spire  
  169  10:27  Drone  
  169  10:28  Drone x8  
  177  10:38  Overseer  
  177  10:41  Drone x8  
  185  10:44  Overlord x2  
  185  10:46  Drone x3  
  173  11:06  Hatchery  
  171  11:14  Adrenal Glands  
  171  11:17  Ultralisk Cavern  
  170  11:21  Extractor  
  170  11:22  Extractor  
  168  11:33  Corruptor x6  
  178  12:10  Ultralisk  
  178  12:11  Ultralisk x2  
  196  12:41  Baneling  
  196  12:42  Baneling x11  
Show
View Real Time Build Order
Export as new Build Order

IIIIIIIIIIII Terran 

Build Orders: MMM Bio 

Get SALT Encoding   

  12  0:01  SCV  
  13  0:13  SCV  
  14  0:26  SCV  
  14  0:27  Supply Depot  
  15  0:49  SCV, Barracks  
  16  0:50  Refinery  
  16  1:01  SCV  
  17  1:09  Barracks  
  17  1:13  SCV  
  18  1:21  Barracks  
  19  1:25  SCV  
  19  1:27  Refinery  
  19  1:37  Reaper, SCV  
  21  1:51  Supply Depot  
  21  1:58  Reaper  
  22  2:05  Orbital Command  
  22  2:09  Reaper  
  22  2:14  Reaper  
  24  2:30  Reaper, SCV  
  26  2:41  Reaper  
  26  2:42  Supply Depot  
  26  2:43  SCV  
  29  2:51  Reaper  
  29  3:02  Reaper  
  29  3:04  SCV  
  31  3:13  Reaper  
  32  3:23  Command Center  
  34  3:46  Command Center  
  35  3:54  Barracks Tech Lab, Barracks Reactor  
  32  3:56  SCV  
  32  3:57  Barracks Reactor  
  32  3:58  Engineering Bay  
  33  4:08  SCV  
  25  4:21  Bunker  
  25  4:24  Marine  
  25  4:26  Supply Depot  
  25  4:30  Marine  
  28  4:36  Marine x2  
  30  4:40  Stimpack  
  30  4:42  Marine  
  30  4:44  Bunker  
  31  4:46  Marine  
  29  4:54  Marine  
  29  4:59  Marine  
  30  5:04  Marine  
  31  5:12  Marine  
  32  5:26  Marine  
  34  5:35  Orbital Command  
  34  5:45  Barracks Reactor x2  
  34  5:46  Marine  
  34  5:49  Orbital Command  
  34  5:54  Terran Infantry Weapons Level 1  
  34  6:01  SCV  
  34  6:02  SCV  
  34  6:04  Marine  
  37  6:14  SCV  
  37  6:15  SCV  
  37  6:16  Factory  
  40  6:22  Marine x3  
  40  6:24  Marine x2  
  44  6:25  SCV  
  44  6:26  SCV  
  47  6:32  SCV  
  47  6:38  SCV x2  
  47  6:39  Marine  
  49  6:40  Marine  
  49  6:42  Marine x2  
  49  6:43  Combat Shields  
  49  6:45  SCV  
  54  6:57  Marine, SCV  
  54  6:58  SCV x2, Barracks  
  54  7:00  Barracks  
  58  7:03  Marine x3  
  58  7:05  Marine  
  62  7:10  Starport  
  62  7:12  Factory Reactor  
  62  7:14  SCV x2  
  64  7:19  Supply Depot  
  64  7:22  Supply Depot  
  64  7:25  Marine x3  
  64  7:27  Marine  
  68  7:30  Marine  
  68  7:32  SCV x2  
  68  7:33  SCV  
  71  7:43  Marine x3  
  59  7:45  Marine  
  59  7:48  Marine  
  59  7:51  SCV x3  
  64  7:53  Refinery  
  64  7:55  Barracks Reactor x2  
  64  8:01  Terran Infantry Armor Level 1  
  64  8:03  Armory  
  64  8:04  Marine x3, SCV x2  
  69  8:06  Engineering Bay  
  69  8:12  Supply Depot x2  
  69  8:14  Medivac x2  
  69  8:16  Marine x2  
  75  8:22  Marine x3  
  78  8:33  Orbital Command  
  78  8:34  Marine x2  
  66  8:40  Marine x2, Missile Turret  
  70  8:43  Marine, Missile Turret  
  70  8:44  Marine x4, Missile Turret  
  70  8:45  Missile Turret  
  70  8:48  SCV x2  
  77  8:52  Marine  
  78  8:56  Marine  
  78  8:57  Marine  
  78  8:58  Marine  
  78  8:59  Missile Turret  
  78  9:01  Marine  
  82  9:04  Marine x2  
  82  9:05  Marine  
  82  9:08  SCV x3  
  88  9:14  Marine  
  88  9:15  Marine  
  88  9:16  Marine  
  88  9:17  Marine  
  91  9:18  Medivac x2  
  91  9:20  Terran Infantry Weapons Level 2  
  96  9:28  Marine x5  
  101  9:32  Marine x2  
  101  9:36  Supply Depot  
  101  9:37  Supply Depot  
  102  9:38  Supply Depot  
  102  9:42  Marine x2  
  104  9:46  Marine x2  
  104  9:47  Marine x2  
  104  9:48  Marine  
  109  9:57  Medivac x2  
  104  10:03  Marine x5  
  105  10:10  Marine x4  
  109  10:16  Barracks x3  
  109  10:20  Marine  
  109  10:21  Marine x3  
  111  10:29  SCV x2  
  111  10:30  SCV  
  111  10:31  Missile Turret  
  111  10:32  Terran Infantry Armor Level 2  
  111  10:34  Missile Turret  
  114  10:37  Marine  
  114  10:38  Marine x4  
  119  10:43  Marine x3  
  122  10:53  Command Center  
  81  11:12  Marine x12  
  86  11:21  Orbital Command  
  86  11:29  Marine  
  86  11:30  Marine x7  
  91  11:49  SCV x3  
  94  11:57  Factory Reactor  
  94  12:01  SCV  
  101  12:08  Marine x8  
  108  12:19  Marine  
  109  12:31  Marine  
  109  12:32  Marine x3  
  109  12:36  Widow Mine x2  
  103  12:52  Marine x2  
  103  12:53  Marine x4  
Tags
 
Add a new tag
Caveats
  • Supply blocks, unpowered buildings, or Contaminate may cause inaccurate times.
  • Supply counts are checked every 10 seconds.